AoeStats
← panchocilveira

Arabia

509995927Analyzed
3v3 RM · 3d ago on Sep 29, 2026· 83m 17s· 6 players
Game mode
Random Map
Map size
Normal (6 player)
Population
200
Speed
Normal
Resources
Standard
Victory
Conquest
Starting age
Dark Age
Ending age
Imperial Age
RankedLock teamsTeams togetherTeam positionsShared explorationLock speedFull tech treeHidden civsTurbo modeCheats
Victory
Defeat
🇪🇸 Britons · Spain
835
+36
🇨🇴 Varangians · Colombia
764
+17
🇦🇷 Vikings · Argentina
678
+19
🇦🇷 Gurjaras · Argentina
831
-19
🇦🇷 Inca · Argentina
752
-18
🇦🇷 Burgundians · Argentina
744
-18
panchocilveira
1:03 Loom
10:55 Feudal Age
11:23 Town Watch
14:20 Man-at-Arms
18:16 Double-Bit Axe
23:30 Castle Age
21:50 Arson
21:59 Gold Mining
22:05 Stone Mining
22:20 Horse Collar
24:40 Town Patrol
24:53 Bow Saw
25:52 Pikeman
28:26 Squires
29:38 Murder Holes
38:10 Imperial Age
40:07 Conscription
43:15 Two-Man Saw
42:41 Ballistics
47:47 Forging
50:47 Elite Varangian Guard
51:52 Fortified Wall
52:24 Iron Casting
52:41 Siege Engineers
62:01 Blast Furnace
62:13 Chemistry
62:05 Fortified Wall
62:06 Scale Mail Armor
62:16 Heavy Plow
64:42 Treadmill Crane
65:50 Chain Mail Armor
67:31 Fletching
70:53 Elite Berserk
76:44 Plate Mail Armor
DVDRYS8
8:36 Loom
10:44 Feudal Age
11:40 Double-Bit Axe
15:19 Castle Age
13:03 Horse Collar
15:39 Gold Mining
18:07 Bow Saw
17:59 Heavy Plow
23:37 Town Watch
24:30 Wheelbarrow
23:50 Stone Mining
27:57 Hand Cart
28:58 Stone Shaft Mining
28:32 Caravan
29:31 Forging
29:21 Scale Mail Armor
29:13 Fletching
29:28 Town Patrol
32:47 Imperial Age
30:55 Iron Casting
30:21 Padded Archer Armor
30:31 Scale Barding Armor
31:18 Chain Mail Armor
31:26 Ballistics
30:49 Treadmill Crane
31:31 Ballistics
31:17 Squires
31:02 Arson
31:53 Bodkin Arrow
33:45 Chain Barding Armor
34:36 Two-Man Saw
35:16 Blast Furnace
35:54 Plate Mail Armor
36:27 Chemistry
36:55 Bloodlines
36:46 Husbandry
36:49 Bracer
39:52 Conscription
38:53 Gothikon
41:06 Plate Barding Armor
40:51 Elite Jarl
54:02 Elite Varangian Guard
PorongaArenosa
0:57 Loom
15:43 Feudal Age
17:15 Wheelbarrow
16:25 Town Watch
18:44 Stone Mining
18:47 Gold Mining
18:45 Double-Bit Axe
22:26 Forging
22:04 Horse Collar
23:42 Fletching
25:46 Padded Archer Armor
25:49 Scale Mail Armor
30:19 Castle Age
32:06 Town Patrol
32:24 Hand Cart
32:47 Heavy Plow
33:07 Bow Saw
38:53 Iron Casting
41:02 Chain Mail Armor
40:45 Bodkin Arrow
41:06 Leather Archer Armor
46:01 Imperial Age
43:30 Pikeman
44:33 Chain Mail Armor
46:38 Yeomen
48:53 Blast Furnace
51:00 Ring Archer Armor
57:38 Bracer
57:02 Elite Longbowman
58:06 Conscription
59:38 Gold Shaft Mining
59:08 Squires
59:44 Plate Mail Armor
60:04 Halberdier
62:53 Chemistry
Boniato en el ano
2:24 Loom
13:08 Feudal Age
17:19 Wheelbarrow
16:32 Double-Bit Axe
19:58 Castle Age
18:39 Town Watch
24:11 Hand Cart
23:56 Town Patrol
26:04 Gold Mining
26:05 Stone Mining
27:27 Man-at-Arms
27:52 Arson
28:34 Bow Saw
29:52 Long Swordsman
30:17 Arson
30:46 Forging
30:36 Scale Mail Armor
30:41 Scale Barding Armor
33:20 Bloodlines
33:10 Husbandry
33:49 Kshatriyas
34:21 Caravan
34:16 Horse Collar
35:26 Gold Shaft Mining
35:26 Stone Shaft Mining
35:44 Iron Casting
35:24 Chain Mail Armor
35:14 Scale Barding Armor
35:00 Fletching
35:10 Padded Archer Armor
38:26 Imperial Age
37:01 Heavy Plow
38:06 Light Cavalry
39:48 Elite Chakram Thrower
40:49 Frontier Guards
40:50 Conscription
41:50 Plate Mail Armor
41:40 Chain Barding Armor
41:16 Bodkin Arrow
41:36 Leather Archer Armor
40:46 Elite Shrivamsha Rider
40:46 Hussar
40:46 Heavy Camel Rider
41:38 Sappers
41:34 Two-Handed Swordsman
44:50 Plate Barding Armor
44:16 Bracer
56:02 Chemistry
65:28 Siege Elephant
65:29 Heavy Scorpion
66:19 Onager
66:19 Heavy Scorpion
69:49 Hoardings
El Guerrero Almendra
0:38 Loom
9:26 Feudal Age
10:29 Horse Collar
13:16 Double-Bit Axe
17:32 Gold Mining
17:38 Stone Mining
18:42 Scale Mail Armor
20:32 Forging
24:51 Castle Age
29:34 Wheelbarrow
31:29 Imperial Age
30:15 Chain Mail Armor
30:10 Heavy Plow
30:49 Gold Shaft Mining
30:27 Bow Saw
32:08 Iron Casting
33:34 Plate Mail Armor
34:05 Blast Furnace
33:58 Crop Rotation
34:10 Fletching
34:20 Padded Archer Armor
34:45 Hand Cart
34:29 Elite Skirmisher
35:15 Andean Sling
35:50 Thumb Ring
38:31 Chemistry
37:57 Ballistics
38:12 Caravan
38:47 Elite Kamayuk
48:50 Leather Archer Armor
48:30 Bodkin Arrow
53:42 Ring Archer Armor
53:13 Bracer
58:29 Champi Runner
59:12 Champi Warrior
60:06 Elite Champi Warrior
61:17 Arson
77:19 Heavy Scorpion
F v L
2:19 Loom
8:29 Loom
11:10 Feudal Age
12:55 Town Watch
13:47 Wheelbarrow
13:58 Double-Bit Axe
15:49 Horse Collar
17:53 Bow Saw
19:32 Heavy Plow
21:10 Hand Cart
26:42 Castle Age
28:05 Light Cavalry
29:41 Town Patrol
30:48 Two-Man Saw
30:41 Stone Mining
33:38 Husbandry
35:32 Scale Barding Armor
35:38 Forging
38:49 Burgundian Vineyards
38:55 Crossbowman
40:56 Chain Barding Armor
41:25 Crop Rotation
42:14 Elite Skirmisher
60:38 Treadmill Crane
70:56 Iron Casting
73:05 Caravan
Connection lost

Rejoining the realm…

Still unreachable

The connection could not be restored.

Session expired

The server has moved on; the page needs a fresh start.